 Dungeon Crawl Stone Soup version 0.26-a0-412-ga3d1f51b (webtiles) character file.

Game seed: 623272315665355670

100 Illumine the Cudgeler (level 4, -1/48 HPs)
             Began as an Ogre Berserker on July 24, 2020.
             Was a Believer of Trog.
             Slain by a goblin
             ... wielding a +0 club
             ... led by Robin
              (4 damage)
             ... on level 3 of the Dungeon.
             The game lasted 00:02:15 (2034 turns).

Illumine the Cudgeler (Ogre Berserker)              Turns: 2034, Time: 00:02:16

Health: -1/48      AC:  3    Str: 28    XL:     4   Next: 73%
Magic:  4/4        EV: 10    Int:  8    God:    Trog [**....]
Gold:   66         SH:  0    Dex:  8    Spells: 3/3 levels left

rFire    . . .     SeeInvis .   a - +0 mace
rCold    . . .     Faith    .   (no shield)
rNeg     . . .     Spirit   .   b - +0 animal skin
rPois    .         Reflect  .   (helmet restricted)
rElec    .         Harm     .   (no cloak)
rCorr    .                      (gloves unavailable)
MR       .....                  (boots unavailable)
Stlth    +.........             (no amulet)
HPRegen  0.16/turn              d - +6 ring of strength
MPRegen  0.09/turn              (no ring)

@: berserk cooldown, slowed, very slow
A: large, unfitting armour, tough skin 1
a: Berserk, Trog's Hand, Renounce Religion


You were on level 3 of the Dungeon.
You worshipped Trog.
Trog was pleased with you.
You visited 1 branch of the dungeon, and saw 3 of its levels.

You collected 66 gold pieces.

Inventory:

Hand Weapons
 a - a +0 mace (weapon)
Armour
 b - a +0 animal skin (worn)
Jewellery
 d - a +6 ring of strength (left hand)
Scrolls
 f - a scroll of blinking {unknown}
 h - a scroll of fear {unknown}
Potions
 c - a potion of heal wounds {unknown}
 e - a potion of berserk rage {unknown}
 g - a potion of mutation {unknown}


   Skills:
 - Level 4.0 Fighting
 * Level 4.8 Maces & Flails
 - Level 2.6 Dodging


You had 3 spell levels left.
You didn't know any spells.
Your spell library was empty.

Dungeon Overview and Level Annotations

Branches:
Dungeon (3/15)

Altars:

Annotations:
D:2 Sigmund
D:3 Robin


Innate Abilities, Weirdness & Mutations

You are too large for most types of armour.
You have tough skin. (AC +1)


Message History

Unknown command.
You sock the hobgoblin!
You kill the hobgoblin!
Trog accepts your kill.
A goblin comes into view. It is wielding a +0 club.
You closely miss the hobgoblin. You sock the hobgoblin!
You kill the hobgoblin!
Trog accepts your kill.
You barely miss the goblin. The goblin hits you.
* * * LOW HITPOINT WARNING * * *
You thump the goblin!
You kill the goblin!
Trog accepts your kill.
You are no longer berserk.
You are exhausted.
You feel yourself slow down. Robin throws the goblin at you!
Unknown command.
You barely miss the goblin. The goblin hits you with a +0 club.
You die...

... #.. .g .#
##g#######.# #
#..........# ...
###...<......#
....#....).......#
......####g.......
#..g@).g.......
#######........
#<.......
#........
#########


You could see Robin, a hobgoblin (strong) and a goblin (strong).

Vanquished Creatures
  An adder (D:2)
  4 gnolls
  A worm (D:2)
  2 dart slugs (D:1)
  A ball python (D:1)
  A giant cockroach (D:2)
  12 goblins
  8 hobgoblins
  2 jackals (D:2)
  2 bats
  3 frilled lizards
  4 kobolds
  3 rats (D:1)
44 creatures vanquished.

Notes
Turn   | Place    | Note
-------+----------+-------------------------------------------
     0 | D:1      | Illumine the Ogre Berserker began the quest for the Orb.
     0 | D:1      | Reached XP level 1. HP: 24/24 MP: 1/1
     0 | D:1      | Noticed a dwarf
     0 | D:1      | Noticed a spriggan
    10 | D:1      | Noticed a minotaur zombie
    14 | D:1      | Noticed a human
    14 | D:1      | Noticed an elf
    16 | D:1      | Noticed a minotaur skeleton
    20 | D:1      | Noticed a minotaur zombie
   371 | D:1      | Reached XP level 2. HP: 32/32 MP: 2/2
   690 | D:1      | Reached XP level 3. HP: 21/39 MP: 3/3
  1481 | D:2      | Reached ** piety under Trog
  1525 | D:2      | Reached XP level 4. HP: 13/48 MP: 4/4
  1967 | D:2      | Noticed Sigmund
  2008 | D:3      | Noticed Robin
  2032 | D:3      | HP: 3/72 [goblin[Robin] (5)]
  2034 | D:3      | Slain by a goblin

Illustrated notes

Levels and vault maps discovered:
D:1:      shiori_arrival_whats_in_store_for_you, layout_loops_corners,
          minmay_hedge_maze
D:2:      layout_basic, nicolae_overflow_crystal_walls, fedhas_altar_fruit_tree,
          uniq_sigmund
D:3:      layout_rooms, lightli_temple_of_fire, uniq_ijyb, uniq_robin

Skill      XL: |  1  2  3 |
---------------+----------+-----
Maces & Flails | 3 4 |  4.8
Fighting       | |  4.0
Dodging        | |  2.6

Action                   |  1- 3 |  4- 6 || total
-------------------------+-------+-------++-------
Melee: Mace              |   108 |    32 ||   140
Invok: Berserk           |     1 |     1 ||     2
       Trog's Hand       |       |     1 ||     1
Armor: Animal skin       |    40 |    19 ||    59
Dodge: Dodged            |    68 |    27 ||    95

Table legend: (Time is in decaauts)
 A = Elapsed time spent in this place.
 B = Non-inter-level travel time spent in this place.
 C = Inter-level travel time spent in this place.
 D = Time resting spent in this place.
 E = Time spent auto-exploring this place.
 F = Levels seen in this place.
 G = Mean time per level.
                   A        B        C        D        E       F      G
               +--------+--------+--------+--------+--------+-----+--------+
         Total |   2068 |   2057 |     11 |    616 |   1053 |   3 |  689.3 |
       Dungeon |   2068 |   2057 |     11 |    616 |   1053 |   3 |  689.3 |
               +--------+--------+--------+--------+--------+-----+--------+

Top non-repeatable levels by time:
     D:1: 1537 daAuts
     D:2: 499 daAuts
     D:3: 31 daAuts
